 Dungeon Crawl Stone Soup version 0.28-a0-845-gfc338a8e3c (webtiles) character file.

Game seed: 18304255798288510686

37 bande the Skirmisher (level 3, -3/24 HPs)
             Began as a Gargoyle Fighter on Nov 13, 2021.
             Killed from afar by an orc wizard (4 damage)
             ... with a puff of flame
             ... on level 2 of the Dungeon.
             The game lasted 00:01:36 (1152 turns).

bande the Skirmisher (Gargoyle Fighter)             Turns: 1152, Time: 00:01:37

Health: -3/24      AC: 10    Str: 20    XL:     3   Next: 41%
Magic:  3/3        EV:  5    Int:  8    God:
Gold:   68         SH:  0    Dex:  9    Spells: 2/2 levels left

rFire   . . .      SeeInvis .   a - +0 war axe
rCold   . . .      Faith    .   g - +1 tower shield
rNeg    + . .      Spirit   .   b - +0 scale mail
rPois   ∞          Reflect  .   (no helmet)
rElec   +          Harm     .   (no cloak)
rCorr   .          Rampage  .   (no gloves)
Will    .....                   (no boots)
Stlth   ..........              (no amulet)
HPRegen 0.08/turn               (no ring)
MPRegen 0.08/turn               (no ring)

@: confused
A: sickness immunity, AC +3, negative energy resistance 1, electricity
resistance, torment resistance 1, petrification resistance
a: no special abilities


You were on level 2 of the Dungeon.
You visited 1 branch of the dungeon, and saw 2 of its levels.

You collected 68 gold pieces.

Inventory:

Hand Weapons
 a - a +0 war axe (weapon)
Armour
 b - a +0 scale mail (worn)
 g - a +1 tower shield (worn)
Potions
 d - a potion of might
 e - 2 potions of degeneration {unknown}
 f - a potion of curing {unknown}
 h - a potion of flight {unknown}


   Skills:
 + Level 3.7 Fighting
 + Level 2.3 Axes
 + Level 3.6 Armour
 - Level 0.4 Dodging
 + Level 3.5 Shields


You had 2 spell levels left.
You didn't know any spells.
Your spell library was empty.

Dungeon Overview and Level Annotations

Branches:
Dungeon (2/15)

Altars:


Innate Abilities, Weirdness & Mutations

You are immune to sickness and miasma.
Your stone body is resilient. (AC +3)
You are immune to poison.
You resist negative energy. (rN+)
You are resistant to electric shocks. (rElec)
You are resistant to unholy torment.
You are immune to petrification.


Message History

The orc hits you with a +0 short sword. The orc wizard casts a spell at you.
You resist with significant effort.
Unknown command.
Unknown command.
You barely miss the orc wizard. You closely miss the orc.
You barely miss the orc.
You feel less confused.
The orc hits you but does no damage. x2; You block the orc's attack.
The orc hits you but does no damage.
The orc wizard hits you but does no damage.
Unknown command.
You barely miss the orc. x2; You barely miss the orc wizard.
Your scale mail prevents you from hitting the orc.
The orc hits you but does no damage. x3
The orc wizard casts a spell at you.
You are confused.
The orc barely misses you. The orc hits you but does no damage. x2
You miss the orc wizard. You barely miss the orc.
You hit the orc but do no damage. You barely miss the orc.
The orc wizard hits you but does no damage.
The orc hits you with a +0 short sword. The orc hits you but does no damage.
The orc hits you with a +0 dagger.
* * * LOW HITPOINT WARNING * * *
The orc wizard hits you but does no damage.
The orc barely misses you. The orc hits you but does no damage. x2
You miss the orc wizard.
Your shield prevents you from hitting the orc.
You hit the orc.
You kill the orc!
You closely miss the orc. The orc wizard barely misses you.
The orc hits you with a +0 short sword.
* * * LOW HITPOINT WARNING * * *
The orc hits you but does no damage.
The orc wizard hits you but does no damage.
The orc barely misses you.
You bump into the rock wall.
The orc hits you but does no damage. The orc wizard casts a spell at you.
The puff of flame hits you.
You die...

....#..#.......†.........
.####..###......†........
.........#####........
...######## #...#####
##.. #...# #..
#######...# ...
#......)..# #....ooo..#
#.####@)..#
####.####.####
#.......#.###########
#.##.##.............#
#.##.####.#########.#
#.##......# #.#
#.#...##### #.#
#......###### #####.##
#...........###....[.#


You could see an orc wizard and 2 orcs.

Vanquished Creatures
  2 orcs (D:2)
  4 endoplasms (D:1)
  3 hobgoblins
  3 jackals (D:1)
  3 kobolds (D:1)
  A quokka (D:2)
  4 ball pythons (D:1)
  7 bats
  3 frilled lizards
  3 rats (D:1)
33 creatures vanquished.

Notes
Turn   | Place    | Note
-------+----------+-------------------------------------------
     0 | D:1      | bande the Gargoyle Fighter began the quest for the Orb.
     0 | D:1      | Reached XP level 1. HP: 14/14 MP: 1/1
   229 | D:1      | Reached XP level 2. HP: 19/19 MP: 2/2
   620 | D:1      | Reached XP level 3. HP: 21/24 MP: 3/3
  1151 | D:2      | HP: 1/24 [orc (5)]
  1152 | D:2      | Killed from afar by an orc wizard

Illustrated notes

Levels and vault maps discovered:
D:1:      minmay_arrival_nine_rooms, layout_basic, ebering_dispersal_statue_hall
D:2:      layout_loops_cross, uniq_jessica, uniq_crazy_yiuf_cottage,
          uniq_sigmund

Skill      XL: |  1  2 |
---------------+-------+-----
Axes           | 2 |  2.3
Fighting       | |  3.7
Armour         | |  3.6
Dodging        | |  0.4
Shields        | |  3.5

Action                   || total
-------------------------++-------
Melee: War axe           ||   104
  Use: Scroll            ||     2
Armor: Scale mail        ||    92
Dodge: Dodged            ||    65
Block: Buckler           ||    17
       Tower shield      ||     6

Table legend: (Time is in decaauts)
 A = Elapsed time spent in this place.
 B = Non-inter-level travel time spent in this place.
 C = Inter-level travel time spent in this place.
 D = Time resting spent in this place.
 E = Time spent auto-exploring this place.
 F = Levels seen in this place.
 G = Mean time per level.
                   A        B        C        D        E       F      G
               +--------+--------+--------+--------+--------+-----+--------+
         Total |   1199 |   1199 |      0 |      0 |    915 |   2 |  599.5 |
       Dungeon |   1199 |   1199 |      0 |      0 |    915 |   2 |  599.5 |
               +--------+--------+--------+--------+--------+-----+--------+

Top non-repeatable levels by time:
     D:1: 908 daAuts
     D:2: 290 daAuts
